 Dungeon Crawl Stone Soup version 0.24-a0-226-gca05e9d (console) character file.

Game seed: 13079022792972239290

210 bli the Insei (level 5, -7/33 HPs)
             Began as an Octopode Transmuter on Mar 31, 2019.
             Was a Believer of Uskayaw.
             Mangled by a phantom (8 damage)
             ... on level 3 of the Dungeon.
             The game lasted 00:08:28 (2672 turns).

bli the Insei (Octopode Transmuter)                 Turns: 2672, Time: 00:08:28

Health: -7/33      AC:  1    Str:  9    XL:     5   Next: 87%
Magic:  8/8        EV: 14    Int: 15    God:    Uskayaw [**....]
Gold:   133        SH:  0    Dex: 14    Spells: 4/8 levels left

rFire    . . .     SeeInvis .     - Unarmed
rCold    . . .     Gourm    .   (no shield)
rNeg     . . .     Faith    .   (helmet restricted)
rPois    .         Spirit   .   (no amulet)
rElec    .         Reflect  .   (no ring)
rCorr    .         Harm     .   (no ring)
MR       .....                  (no ring)
Stlth    +++.......             (no ring)
HPRegen  0.11/turn              (no ring)
MPRegen  0.11/turn              (no ring)
                                (no ring)
                                (no ring)

@: no status effects
A: almost no armour, stealthy swim, amphibious, 8 rings, constrict 8, camouflage
1, gelatinous body 1
a: Stomp, Line Pass, Renounce Religion


You were on level 3 of the Dungeon.
You worshipped Uskayaw.
Uskayaw was noncommittal.
You were not hungry.

You visited 1 branch of the dungeon, and saw 4 of its levels.

You collected 133 gold pieces.

Inventory:

Hand Weapons
 l - a +3 dagger of holy wrath
 n - a +1 dagger of venom
Missiles
 a - 35 arrows
 d - 57 stones (quivered)
Scrolls
 i - 2 scrolls of teleportation {unknown}
 j - 3 scrolls of enchant armour {unknown}
 k - 4 scrolls of identify {unknown}
 q - 2 scrolls of remove curse {unknown}
 r - a scroll of amnesia {unknown}
 s - a scroll of enchant weapon {unknown}
Potions
 e - a potion of flight {unknown}
 f - 3 potions of curing {unknown}
 g - 2 potions of resistance {unknown}
 h - a potion of agility {unknown}
 m - a potion of mutation {unknown}
 o - a potion of degeneration {unknown}
 p - a potion of magic {unknown}
Comestibles
 b - 3 chunks of flesh
 c - 4 rations


   Skills:
 * Level 1.2 Fighting
 * Level 2.3 Dodging
 + Level 2.6 Stealth
 + Level 5.2 Unarmed Combat
 + Level 2.2 Spellcasting
 + Level 2.2 Transmutations
 * Level 1.7 Poison Magic


You had 4 spell levels left.
You knew the following spells:

 Your Spells              Type           Power        Failure   Level  Hunger
a - Beastly Appendage     Tmut           #.....       9%          1    #......
b - Spider Form           Tmut/Pois      #.........   28%         3    ###....

Your spell library contained the following spells:

 Spells                   Type           Power        Failure   Level  Hunger
 Sticks to Snakes         Tmut           #.......     13%         2    ###....
 Ice Form                 Ice/Tmut       #.......     80%         4    #####..
 Blade Hands              Tmut           #.........   93%         5    ######.


Dungeon Overview and Level Annotations

Branches:
Dungeon (4/15)
 Temple: D:4-7

Altars:
Gozag
Uskayaw

Annotations:
D:3 1 runed translucent door, bli's ghost, amateur DrWn


Innate Abilities, Weirdness & Mutations

You cannot wear most types of armour.
You are very stealthy in the water. (Stealth+)
You are amphibious.
You can wear up to eight rings at the same time.
You can use your tentacles to constrict eight enemies at once.
Your skin changes colour to match your surroundings (Stealth+).
Your rubbery body absorbs attacks. (AC +1, EV +1)


Message History

The phantom hits you.
* * * LOW HITPOINT WARNING * * *
You barely miss the phantom. Your squeeze misses the phantom.
The phantom is severely damaged.
The phantom hits you.
* * * LOW HITPOINT WARNING * * *
The phantom blinks!
Throwing (i - inventory)
d - 58 stones (quivered)
Press: ? - help, Shift-Dir - straight line, f - phantom
Aim: a phantom (severely damaged)
You throw a stone.
The stone hits the phantom but does no damage.
The phantom is severely damaged.
Your tentacle spike disappears.
You tentacle-slap the phantom.
Your tentacle-slap misses the phantom.
The phantom is severely damaged.
You tentacle-slap the phantom. You squeeze the phantom.
The phantom is almost destroyed.
The phantom hits you!
You die...

#.#############.###
#.# #.# #.#
##########.# #.#
#..........# #.#
#.############ #.#
#.............
#.####.............
#...รท....#######...
#..###..## ##....
#..# #[.# #.....
#.@# #..# #.....
#.W# #..# #.....
#.># #..# ##....
#..# #..##### ##)..
#..# #......# ##.#
#..####.###.# #.#
#...........## #.#
##.####......# #.#
#.# ####...# #.# #.#
####..<# #.# #.#
#......# #.#


You could see a phantom.

Vanquished Creatures
  Jessica (D:2)
  Natasha (thrice) (D:2)
  2 gnolls (D:3)
  2 adders
  An ooze (D:2)
  3 worms
  A leopard gecko (D:3)
  2 orcs (D:3)
  3 bats
  4 giant cockroaches
  4 hobgoblins
  8 jackals
  3 quokkas
  A ball python (D:3)
  A frilled lizard (D:3)
  11 goblins
  3 kobolds
  5 rats
58 creatures vanquished.

Notes
Turn   | Place    | Note
-------+----------+-------------------------------------------
     0 | D:1      | bli the Octopode Transmuter began the quest for the Orb.
     0 | D:1      | Reached XP level 1. HP: 13/13 MP: 3/3
   267 | D:1      | Reached XP level 2. HP: 11/18 MP: 3/5
   838 | D:2      | Reached skill level 1 in Stealth
   908 | D:2      | Reached XP level 3. HP: 22/23 MP: 4/6
   916 | D:2      | Learned a level 3 spell: Spider Form
   971 | D:2      | Reached skill level 4 in Unarmed Combat
  1189 | D:2      | Noticed Jessica
  1299 | D:2      | Noticed Natasha
  1309 | D:2      | Killed Natasha
  1309 | D:2      | Reached XP level 4. HP: 18/28 MP: 5/7
  1406 | D:2      | Killed Jessica
  1406 | D:2      | Reached skill level 1 in Poison Magic
  1535 | D:3      | Found a runed translucent door.
  1604 | D:3      | Reached XP level 5. HP: 23/33 MP: 6/8
  1664 | D:2      | Noticed Natasha
  1671 | D:2      | Killed Natasha
  1957 | D:2      | Noticed Natasha
  1964 | D:2      | Killed Natasha
  1964 | D:2      | Reached skill level 5 in Unarmed Combat
  2077 | D:3      | Noticed bli's ghost (amateur DrWn)
  2291 | D:3      | Found a faded altar of an unknown god.
  2326 | D:3      | Became a worshipper of Uskayaw the Reveler
  2326 | D:3      | Reached * piety under Uskayaw
  2387 | D:3      | Found an opulent altar of Gozag.
  2646 | D:4      | Noticed a phantom
  2660 | D:3      | Reached ** piety under Uskayaw
  2669 | D:3      | HP: 1/33 [phantom (2)]
  2672 | D:3      | Mangled by a phantom

Levels and vault maps discovered:
D:1:      dpeg_arrival_prison, layout_loops_ring
D:2:      layout_loops_ring, uniq_natasha, uniq_jessica
D:3:      layout_loops_ring, grunt_gozag_statues, ebering_ghost_sewer_d,
          chequers_ecumenical_altar_simple_redux
D:4:      layout_rooms, minmay_parallelograms, uniq_pikel

Skill      XL: |  1  2  3  4  5 |
---------------+----------------+-----
Stealth        | 1 2 |  2.6
Unarmed Combat | 4 5 |  5.2
Poison Magic   | 1 |  1.7
Fighting       | |  1.2
Dodging        | |  2.3
Spellcasting   | |  2.2
Transmutations | |  2.2

Action                   |  1- 3 |  4- 6 || total
-------------------------+-------+-------++-------
Melee: Unarmed           |    69 |    75 ||   144
       Constrict         |    19 |    17 ||    36
       Kick              |     8 |    14 ||    22
       Tentacles         |     6 |    16 ||    22
       Punch             |     2 |       ||     2
Throw: Stone             |       |     1 ||     1
 Cast: Beastly Appendage |    12 |    12 ||    24
 Stab: Sleeping          |     6 |     4 ||    10
  Eat: Chunk             |     1 |     5 ||     6
Armor: Skin              |     5 |     4 ||     9
Dodge: Dodged            |    29 |    33 ||    62

Table legend:
 A = Non-vault XP
 B = Vault XP
 C = Vault XP percentage of total XP
 D = Non-vault monster count
 E = Vault monster count
 F = Vault count percentage of total count
                 A         B        C        D         E       F
            +---------+---------+-------+---------+---------+-------
      Total |     226 |      74 |  24.7 |      55 |       3 |   5.2
            +---------+---------+-------+---------+---------+-------
        D:1 |      22 |       2 |   8.3 |      13 |       1 |   7.1
        D:2 |     122 |      72 |  37.1 |      19 |       2 |   9.5
        D:3 |      80 |       0 |   0.0 |      22 |       0 |   0.0
        D:4 |       2 |       0 |   0.0 |       1 |       0 |   0.0
            +---------+---------+-------+---------+---------+-------
